 Dungeon Crawl Stone Soup version 0.30-a0-737-gf23d94013f (webtiles) character file.

Game seed: 17970866415799845094

10906 Leeroy the Thaumaturge (level 11, -8/60 HPs)
             Began as a Vine Stalker Warper on Feb 2, 2023.
             Was a Priest of Wu Jian.
             Mangled by a yaktaur (shapeshifter) (11 damage)
             ... on level 11 of the Dungeon.
             The game lasted 00:15:01 (10145 turns).

Leeroy the Thaumaturge (Vine Stalker Warper)       Turns: 10145, Time: 00:15:02

Health: -8/60      AC:  5    Str: 14    XL:     11   Next: 69%
Magic:  0/28       EV: 12    Int: 13    God:    Wu Jian [***...]
Gold:   548        SH:  0    Dex: 18    Spells: 25/34 levels left

rFire   + + .      SeeInvis .    y - +12 dagger "Wisitil" {freeze, rF++}
rCold   . . .      Faith    .    (no shield)
rNeg    . . .      Spirit   +    b - +0 leather armour
rPois   +          Reflect  .    (no helmet)
rElec   .          Harm     .    (no cloak)
rCorr   .          Rampage  .    g - +0 pair of gloves
Will    +....                    P - +0 pair of boots
Stlth   +++                      (no amulet)
HPRegen 1.10/turn                i - ring of flight
MPRegen 0.21/turn                q - ring of poison resistance

@: marked, flying
A: fangs 3, regeneration 1, magic shield, antimagic bite, no potion heal 2
a: Renounce Religion, Wall Jump, Serpent's Lash


You were on level 11 of the Dungeon.
You worshipped Wu Jian.
Wu Jian was most pleased with you.
You visited 3 branches of the dungeon, and saw 13 of its levels.

You collected 548 gold pieces.

Inventory:

Hand Weapons
 y - the +12 dagger "Wisitil" (weapon) {freeze, rF++}
   (You found it on level 5 of the Dungeon)

   rF:        It greatly protects you from fire.
 C - a +2 dagger of venom
 K - a +3 long sword
 Q - the +6 demon blade "Ashuf" {pain, rElec Int+3 Dex+4}
   (You found it on level 1 of the Lair of Beasts)

   Int:       It affects your intelligence (+3).
   Dex:       It affects your dexterity (+4).
   rElec:     It insulates you from electricity.
Missiles
 d - a boomerang of dispersal (quivered)
 j - 21 poisoned darts
 T - 6 boomerangs
 X - 4 throwing nets
Armour
 b - a +0 leather armour (worn)
 g - a +0 pair of gloves (worn)
 A - a +0 pair of gloves
 P - a +0 pair of boots (worn)
 Y - a +0 robe of willpower
Magical Staves
 w - a staff of cold
 R - a staff of conjuration
Jewellery
 i - a ring of flight (left hand)
 m - a ring of protection from fire
 q - a ring of poison resistance (right hand)
 u - a ring of protection from fire
 v - a ring of see invisible
 Z - a ring of wizardry
Wands
 B - a wand of iceblast (18)
 E - a wand of polymorph (10)
 G - a wand of paralysis (9)
 H - a wand of quicksilver (3)
Scrolls
 c - a scroll of immolation {unknown}
 f - 4 scrolls of teleportation
 k - 4 scrolls of vulnerability
 o - 6 scrolls of enchant weapon
 t - 7 scrolls of identify
 x - 3 scrolls of poison {unknown}
 D - a scroll of torment {unknown}
 F - 2 scrolls of magic mapping {unknown}
 J - a scroll of fog {unknown}
 M - a scroll of acquirement {unknown}
 N - a scroll of amnesia {unknown}
 O - a scroll of summoning {unknown}
 S - a scroll of enchant armour {unknown}
Potions
 a - a potion of brilliance {unknown}
 e - 3 potions of might
 h - 2 potions of flight
 l - 2 potions of ambrosia {unknown}
 p - a potion of degeneration {unknown}
 r - 2 potions of heal wounds
 s - a potion of cancellation {unknown}
 z - 2 potions of magic {unknown}
 I - a potion of attraction {unknown}
 L - 3 potions of mutation {unknown}
 U - a potion of curing
 V - a potion of haste {unknown}
 W - a potion of lignification {unknown}


   Skills:
 - Level 8.0 Fighting
 - Level 9.0 Long Blades
 - Level 0.8 Throwing
 - Level 0.7 Armour
 - Level 1.5 Dodging
 + Level 6.9 Stealth
 - Level 12.0 Spellcasting
 - Level 3.0 Translocations


You had 25 spell levels left.
You knew the following spells:

 Your Spells              Type           Power      Damage    Failure   Level
a - Blink                 Tloc           30%        N/A       4%          2
b - Vhi's Electric Charg  Tloc/Air       22%        N/A       19%         3
c - Manifold Assault      Tloc           15%        N/A       32%         4

Your spell library contained the following spells:

 Spells                   Type           Power      Damage    Failure   Level
 Lesser Beckoning         Tloc           30%        N/A       4%          2
 Teleport Other           Tloc           15%        N/A       10%         3
 Magic Dart               Conj           28%        1d4       12%         1
 Searing Ray              Conj           14%        2d5       17%         2
 Fulminant Prism          Conj/Hex       3%         3d5       75%         4
 Summon Forest            Summ/Tloc      5%         N/A       86%         5
 Summon Mana Viper        Hex/Summ       7%         N/A       97%         5
 Summon Cactus Giant      Summ           3%         N/A       100%        6


Dungeon Overview and Level Annotations

Branches:
Dungeon (11/15)            Temple (1/1) D:5            Lair (1/5) D:8
    Orc: D:9-12

Altars:
Ashenzari
Cheibriados
Dithmenos
Elyvilon
Fedhas
Gozag
Kikubaaqudgha
Makhleb
Nemelex Xobeh
Okawaru
Qazlal
Ru
Sif Muna
Trog
Uskayaw
Vehumet
Wu Jian
Xom
Yredelemnul
Zin
The Shining One

Shops:
D:1 *   D:11 [

Annotations:
D:10 2 transporters, 4 runed translucent doors, Amaemon
D:11 Harold


Innate Abilities, Weirdness & Mutations

You have razor-sharp teeth.
Your natural rate of healing is unusually fast.
When hurt, damage is shared between your health and your magic reserves.
Your bite disrupts and absorbs the magic of your enemies.
Potions cannot restore your health.


Message History

You bite the orc.
You kill the orc!
The Council accepts your kill.
You can now briefly move at supernatural speeds.
A boulder beetle comes into view.
You spin and attack the orc wizard.
You closely miss the orc wizard. You bite the orc wizard.
The orc wizard's magic leaks into the air.
You drain its magic.
You feel invigorated.
The orc wizard is moderately wounded.
You spin and attack the orc repeatedly.
You hit the orc. You freeze the orc.
You kill the orc!
The Council accepts your kill. The orc wizard barely misses you.
You spin and attack Harold.
You hit Harold. You freeze Harold. You bite Harold.
Harold's magic leaks into the air.
You drain his magic.
You feel invigorated.
Harold is almost dead.
You spin and attack Harold.
You hit Harold. You freeze Harold.
Harold is almost dead.
You spin and attack the yaktaur.
You puncture the yaktaur! You freeze the yaktaur.
The yaktaur is almost dead.
Something barely misses you. Harold closely misses you. The yaktaur hits you!
* * * LOW HITPOINT WARNING * * *
You spin and attack the orc wizard repeatedly.
You miss the orc wizard. You bite the orc wizard.
The orc wizard's magic leaks into the air.
You drain its magic.
You feel invigorated.
The orc wizard is heavily wounded.
You closely miss the orc wizard. Your bite misses the orc wizard.
The orc wizard is heavily wounded.
You spin and attack Harold.
You barely miss Harold.
Harold is almost dead.
The cyclops hits you!!
* * * LOW HITPOINT WARNING * * *
You spin and attack the yaktaur.
You hit the yaktaur. You freeze the yaktaur.
You bite the yaktaur, but do no damage.
The yaktaur is almost dead.
The orc wizard falters for a moment.
The yaktaur hits you!
You die...

#<.# ##.........# ##.#
#........#.# #.###
#..........#
#...###........###
###..###†....#.#
###.........##.#
#####.).##.#######.########
......####.#######B.......##
####### #......@C#........##
########c@o........#
#...).......# ##..)...)...#
#..........# #..........#
##.(......## #..........#
#..........#


You could see a boulder beetle, Harold (magic disrupted), a cyclops, a yaktaur
and an orc wizard (magic disrupted).

Vanquished Creatures
  A hydra (D:10)
  2 two-headed ogres
  A cyclops (D:9)
  A komodo dragon (D:9)
  2 kobold demonologists
  A troll (D:7)
  A merfolk (D:9)
  Prince Ribbit (D:7)
  4 shadows
  Sigmund (D:5)
  3 wraiths
  A vampire (D:8)
  8 yaks
  A steam dragon (D:9)
  2 water moccasins
  5 orc warriors
  2 ice beasts
  3 ogres
  4 wolves
  2 black bears
  2 centaurs
  A phantom (D:7)
  A kobold brigand (D:6)
  4 bullfrogs
  2 necrophages
  A wyvern zombie (D:6)
  3 gnoll sergeants
  A water moccasin zombie (D:6)
  2 scorpions (D:6)
  5 wights
  10 killer bees
  3 howler monkeys
  An electric eel (D:8)
  3 jellies
  2 bullfrog zombies (D:6)
  4 orc priests (D:9)
  11 hounds
  2 iguanas
  10 orc wizards
  2 killer bee zombies (D:6)
  9 gnolls
  5 adders
  A shadow imp (D:7)
  2 worms (D:2)
  4 dart slugs (D:4)
  27 orcs
  5 ball pythons
  2 bats (D:2)
  4 endoplasms
  4 giant cockroaches
  12 goblins
  8 hobgoblins
  5 jackals
  2 quokkas
  4 frilled lizards (D:1)
  12 kobolds
  4 rats (D:1)
  A bush (D:1)
227 creatures vanquished.

Vanquished Creatures (others)
  An endoplasm (shapeshifter) (D:10)
  A fungus (D:3)
  A plant (D:1)
3 creatures vanquished.

Grand Total: 230 creatures vanquished

Notes
Turn   | Place    | Note
-------+----------+-------------------------------------------
     0 | D:1      | Leeroy the Vine Stalker Warper began the quest for the Orb.
     0 | D:1      | Reached XP level 1. HP: 11/11 MP: 4/4
   140 | D:1      | Reached XP level 2. HP: 7/15 MP: 6/6
   293 | D:1      | Found Torph's Assorted Antiques.
   862 | D:1      | Reached XP level 3. HP: 18/18 MP: 7/7
  1548 | D:2      | Gained mutation: Your natural rate of healing is unusually
                  | fast. [Vine Stalker growth]
  1548 | D:2      | Reached XP level 4. HP: 12/23 MP: 5/8
  1792 | D:3      | Found an opulent altar of Gozag.
  2126 | D:3      | Found an ancient bone altar of Kikubaaqudgha.
  2716 | D:4      | Noticed an ogre
  2799 | D:4      | Noticed a black bear
  2807 | D:4      | Killed a black bear
  2808 | D:4      | Reached skill level 5 in Long Blades
  2808 | D:4      | Reached XP level 5. HP: 22/26 MP: 5/9
  2934 | D:4      | Found a snail-covered altar of Cheibriados.
  3000 | D:4      | Killed an ogre
  3001 | D:4      | Reached XP level 6. HP: 18/30 MP: 10/10
  3232 | D:4      | Found a white marble altar of Elyvilon.
  3241 | D:4      | Became a worshipper of Elyvilon the Healer
  3305 | D:5      | Entered Level 5 of the Dungeon
  3312 | D:5      | Noticed Sigmund
  3329 | D:5      | Reached XP level 7. HP: 19/34 MP: 6/11
  3338 | D:5      | Killed Sigmund
  3416 | D:5      | Found a staircase to the Ecumenical Temple.
  3449 | Temple   | Entered the Ecumenical Temple
  3652 | D:5      | Learned a level 2 spell: Blink
  3656 | D:5      | Learned a level 3 spell: Vhi's Electric Charge
  3661 | D:5      | Learned a level 4 spell: Manifold Assault
  3780 | D:5      | Identified the +12 dagger "Wisitil" {freeze, rF++}
  3814 | D:5      | Found an iron altar of Okawaru.
  3896 | D:5      | Reached * piety under Elyvilon
  3952 | D:5      | Gained mutation: You have razor-sharp teeth. [Vine Stalker
                  | growth]
  3952 | D:5      | Reached XP level 8. HP: 39/39 MP: 12/12
  3968 | D:5      | Found a broken altar of Ashenzari.
  4414 | D:6      | Found a basalt altar of Yredelemnul.
  4422 | D:6      | Reached skill level 5 in Fighting
  4564 | D:6      | Found a burning altar of Makhleb.
  4703 | D:6      | Found an ornate altar of the Wu Jian Council.
  4717 | D:6      | Fell from the grace of Elyvilon
  4717 | D:6      | Became a worshipper of the Wu Jian Council
  4948 | D:6      | Reached XP level 9. HP: 42/49 MP: 10/13
  5334 | D:7      | Noticed Prince Ribbit
  5342 | D:7      | Killed Prince Ribbit
  5563 | D:7      | Found a radiant altar of Vehumet.
  5633 | D:7      | Reached skill level 3 in Spellcasting
  5821 | D:7      | Found a stormy altar of Qazlal.
  5825 | D:7      | Reached skill level 4 in Spellcasting
  6278 | D:7      | HP: 2/51 [poisoned by a killer bee]
  6284 | D:7      | HP: 1/51 [killer bee (4)]
  6286 | D:7      | Reached skill level 5 in Spellcasting
  6617 | D:8      | Noticed a troll
  6635 | D:7      | Reached skill level 6 in Spellcasting
  6694 | D:7      | Killed a troll
  6695 | D:7      | Reached skill level 7 in Spellcasting
  6695 | D:7      | Reached XP level 10. HP: 25/56 MP: 13/21
  6787 | D:8      | Found a staircase to the Lair.
  6839 | D:8      | Reached * piety under Wu Jian
  6943 | D:8      | Reached skill level 8 in Spellcasting
  7018 | D:8      | Found a shimmering blue altar of Sif Muna.
  7138 | D:8      | Found a shimmering altar of Xom.
  7478 | D:8      | Reached skill level 9 in Spellcasting
  7938 | Lair:1   | Entered Level 1 of the Lair of Beasts
  7942 | Lair:1   | Identified the +6 demon blade "Ashuf" {pain, rElec Int+3
                  | Dex+4}
  8045 | Lair:1   | Noticed a cane toad
  8150 | D:9      | Noticed a cyclops
  8161 | D:9      | Killed a cyclops
  8320 | D:9      | Noticed a two-headed ogre
  8327 | D:9      | Killed a two-headed ogre
  8328 | D:9      | Reached skill level 10 in Spellcasting
  8421 | D:9      | Found a blossoming altar of Fedhas.
  8500 | D:9      | Reached ** piety under Wu Jian
  8506 | D:9      | Reached skill level 11 in Spellcasting
  8640 | D:9      | Reached XP level 11. HP: 47/60 MP: 21/27
  8987 | D:10     | Entered Level 10 of the Dungeon
  9004 | D:9      | Reached skill level 12 in Spellcasting
  9135 | D:10     | Found a transporter.
  9161 | D:10     | Found a large runed translucent door.
  9162 | D:10     | Found a large runed translucent door.
  9321 | D:10     | Noticed a centaur warrior
  9321 | D:10     | Noticed a two-headed ogre
  9520 | D:10     | Found a transporter.
  9555 | D:10     | Noticed Amaemon
  9655 | D:10     | Found a large runed translucent door.
  9655 | D:10     | Found a large runed translucent door.
  9757 | D:10     | Noticed a seven-headed hydra
  9765 | D:10     | Killed a seven-headed hydra
  9766 | D:10     | Reached skill level 5 in Stealth
  9973 | D:11     | Found a snail-covered altar of Cheibriados.
  9973 | D:11     | Found Cheibriados's Comfort Zone.
 10005 | D:11     | Noticed a two-headed ogre
 10008 | D:11     | Killed a two-headed ogre
 10119 | D:11     | Noticed Harold
 10139 | D:11     | Noticed a cyclops
 10139 | D:11     | Reached *** piety under Wu Jian
 10139 | D:11     | Noticed a boulder beetle
 10144 | D:11     | HP: 2/60 [cyclops (10)]
 10145 | D:11     | Mangled by a yaktaur (shapeshifter)

Illustrated notes

Levels and vault maps discovered:
D:1:      heliophobic_arrival_dark_side_of_the_moon, layout_loops_ring,
          serial_shops, shop, serial_forest, infiniplex_forest_straight_2,
          infiniplex_forest_join, infiniplex_forest_straight_4,
          infiniplex_forest_lined_room_3, infiniplex_forest_straight_2,
          infiniplex_forest_end_2
D:2:      layout_basic, hangedman_decor_points, chequers_serial_rivers_marsh,
          uniq_crazy_yiuf_cottage
D:3:      layout_basic, grunt_gozag_statues, mainiacjoe_overflow_cross_hatched,
          dk_vineyard_2, chequers_mini_garden, serial_bayou_crossing
D:4:      layout_basic, lemuel_coloured_pillars_altar, chei_slow_surprise
D:5:      layout_gridville, old_standard_altar, cheibrodos_ashenzari_chains,
          minmay_temple_entry_slanted, eino_tiny_chamber,
          hangedman_decor_diamond_cutter, minmay_ogre_servants, uniq_sigmund
D:6:      layout_basic, mainiacjoe_overflow_chevrons, nzn_wu_jian_contemplation,
          nicolae_yredelemnul_corpse_copse
D:7:      layout_loops_ring, grunt_qazlal_sundering, nicolae_vehumet_radiance,
          uniq_prince_ribbit1
D:8:      layout_layer_cave, mainiacjoe_overflow_24_doors,
          mainiacjoe_overflow_concentric_impassable, erik_lair_island
D:9:      layout_roguey, fedhas_ov_isle_minmay, hangedman_fish_farm
D:10:     gammafunk_the_bubble [the_bubble_gammafunk_split], layout_basic,
          beargit_hepliaklqana_dungeon_heroes, minmay_hollow_rounded_squares,
          uniq_amaemon
D:11:     layout_rooms, orc_0_dummy, minmay_shop_chei, uniq_harold
Temple:   nicolae_temple_bog_church
Lair:1:   layout_layer_cave

Skill      XL: |  1  2  3  4  5  6  7  8  9 10 11 |
---------------+----------------------------------+-----
Long Blades    | 2 3 5 6 8 9 |  9.0
Fighting       | 2 6 8 |  8.0
Spellcasting   | 7 11 12 | 12.0
Stealth        | 6 |  6.9
Throwing       | |  0.8
Armour         | |  0.7
Dodging        | |  1.5
Translocations | |  3.0

Action                     |  1- 3 |  4- 6 |  7- 9 | 10-12 || total
---------------------------+-------+-------+-------+-------++-------
  Melee: Falchion          |   192 |   127 |    38 |       ||   357
         Bite              |    71 |    44 |    63 |   121 ||   299
         Punch             |     4 |       |     2 |     5 ||    11
         Dagger            |       |       |   189 |   340 ||   529
  Throw: Dart              |       |     5 |       |       ||     5
         Boomerang         |       |     6 |       |       ||     6
   Cast: Vhi's Electric Ch |       |       |       |     1 ||     1
Ability: Lunge             |       |       |    11 |    32 ||    43
         Whirlwind         |       |       |       |    19 ||    19
    Use: Scroll            |       |     5 |     1 |       ||     6
         Potion            |       |       |     3 |       ||     3
   Stab: Sleeping          |     1 |     1 |       |     1 ||     3
 Armour: Leather armour    |    43 |    33 |    49 |    62 ||   187
  Dodge: Dodged            |    73 |    94 |   106 |   161 ||   434

Table legend: (Time is in decaauts)
 A = Elapsed time spent in this place.
 B = Non-inter-level travel time spent in this place.
 C = Inter-level travel time spent in this place.
 D = Time resting spent in this place.
 E = Time spent auto-exploring this place.
 F = Levels seen in this place.
 G = Mean time per level.
                   A        B        C        D        E       F      G
               +--------+--------+--------+--------+--------+-----+--------+
         Total |  10121 |   9585 |    536 |    560 |   7191 |  13 |  778.5 |
       Dungeon |   9808 |   9300 |    508 |    560 |   6950 |  11 |  891.6 |
        Temple |    195 |    180 |     15 |      0 |    171 |   1 |  195.0 |
          Lair |    117 |    104 |     13 |      0 |     69 |   1 |  117.0 |
               +--------+--------+--------+--------+--------+-----+--------+

Top non-repeatable levels by time:
     D:8: 1376 daAuts
     D:7: 1222 daAuts
     D:6: 1011 daAuts
     D:9: 1010 daAuts
     D:1: 980 daAuts
     D:3: 831 daAuts
     D:2: 815 daAuts
    D:10: 802 daAuts
     D:5: 801 daAuts
     D:4: 762 daAuts
  Temple: 195 daAuts
    D:11: 195 daAuts
  Lair:1: 117 daAuts
